 Dungeon Crawl Stone Soup version 0.24-a0-84-g25a2d9f (webtiles) character file.

Game seed: 1307653078656014264

25 Kairos the Shield-Bearer (level 3, -5/20 HPs)
             Began as a Vine Stalker Fighter on Feb 7, 2019.
             Slain by Sigmund
             ... wielding a +0 scythe
              (6 damage)
             ... on level 2 of the Dungeon.
             The game lasted 00:00:42 (796 turns).

Kairos the Shield-Bearer (Vine Stalker Fighter)      Turns: 796, Time: 00:00:43

Health: -5/20      AC:  6    Str: 19    XL:     3   Next: 4%
Magic:  0/4        EV:  7    Int:  8    God:
Gold:   94         SH:  9    Dex: 13    Spells: 2/2 levels left

rFire    . . .     SeeInvis .   a - +0 war axe
rCold    . . .     Gourm    .   c - +0 shield
rNeg     . . .     Faith    .   b - +0 scale mail
rPois    .         Spirit   +   (no helmet)
rElec    .         Reflect  .   (no cloak)
rCorr    .         Harm     .   (no gloves)
MR       .....                  (no boots)
Stlth    ..........             (no amulet)
HPRegen  0.06/turn              (no ring)
MPRegen  0.09/turn              (no ring)

@: no status effects
A: fangs 2, magic shield, antimagic bite, no potion heal 3, rot immunity
a: no special abilities


You were on level 2 of the Dungeon.
You were not hungry.

You visited 1 branch of the dungeon, and saw 2 of its levels.

You collected 94 gold pieces.

Inventory:

Hand Weapons
 a - a +0 war axe (weapon)
Armour
 b - a +0 scale mail (worn)
 c - a +0 shield (worn)
Scrolls
 e - a scroll of noise {unknown}
 g - 3 scrolls of teleportation
 i - a scroll of fog {unknown}
Potions
 d - a potion of might
 h - a potion of heal wounds {unknown}
Comestibles
 f - 4 rations


   Skills:
 + Level 3.0 Fighting
 + Level 1.9 Axes
 + Level 2.6 Armour
 + Level 3.1 Shields


You had 2 spell levels left.
You didn't know any spells.
Your spell library was empty.

Dungeon Overview and Level Annotations

Branches:
Dungeon (2/15)

Altars:

Annotations:
D:2 Sigmund


Innate Abilities, Weirdness & Mutations

You have extremely sharp teeth.
When hurt, damage is shared between your health and your magic reserves.
Your bite disrupts and absorbs the magic of your enemies.
Potions cannot restore your health.
You are immune to rotting.


Message History

You barely miss Sigmund. Your bite misses Sigmund.
Sigmund is severely wounded.
Sigmund falters for a moment. x2
Your shield and scale mail prevent you from hitting Sigmund.
Sigmund is severely wounded.
You block Sigmund's attack.
You hit Sigmund. Your bite misses Sigmund.
Sigmund is almost dead.
Sigmund hits you with a +0 scythe.
* * * LOW HITPOINT WARNING * * *
You hit Sigmund but do no damage.
Sigmund is almost dead.
Sigmund barely misses you.
You hit Sigmund.
Sigmund is almost dead.
You block Sigmund's attack.
You closely miss Sigmund. Your bite misses Sigmund.
Sigmund is almost dead.
Sigmund hits you with a +0 scythe!
You die...

.....# #.# ####.#
#.# #.####.###
####........#
....>####.#†#
.###. #.#.######
.# #.#......#
.###.####.######.#
.#..........# #@#
.#.#.####.#.# #@#
.# #...#.# #.# .#
#.###.# #.. .# #.#
#.# ### ##. # #.#
#.# #.##.#.# #.#
#.##.#.###.#
##.#........#


You could see Sigmund.

Vanquished Creatures
  An adder (D:2)
  A leopard gecko (D:1)
  A giant cockroach (D:1)
  2 hobgoblins
  A quokka (D:2)
  2 bats (D:1)
  3 frilled lizards
  2 goblins (D:1)
  2 kobolds (D:1)
  2 rats (D:1)
17 creatures vanquished.

Notes
Turn   | Place    | Note
-------+----------+-------------------------------------------
     0 | D:1      | Kairos the Vine Stalker Fighter began the quest for the
                  | Orb.
     0 | D:1      | Reached XP level 1. HP: 11/11 MP: 2/2
   126 | D:1      | Reached XP level 2. HP: 7/16 MP: 0/3
   720 | D:2      | Reached XP level 3. HP: 11/20 MP: 4/4
   779 | D:2      | Noticed Sigmund
   787 | D:2      | HP: 1/20 [Sigmund/+0 scythe (2)]
   793 | D:2      | HP: 1/20 [Sigmund/+0 scythe (1)]
   796 | D:2      | Slain by Sigmund

Levels and vault maps discovered:

Skill      XL: |  1  2 |
---------------+-------+-----
Fighting       | 3 |  3.0
Shields        | 3 |  3.1
Axes           | |  1.9
Armour         | |  2.6

Action                   || total
-------------------------++-------
Melee: War axe           ||    62
       Bite              ||    14
  Use: Scroll            ||     1
Armor: Scale mail        ||    15
Dodge: Dodged            ||    17
Block: Shield            ||    30

Table legend:
 A = Non-vault XP
 B = Vault XP
 C = Vault XP percentage of total XP
 D = Non-vault monster count
 E = Vault monster count
 F = Vault count percentage of total count
                 A         B        C        D         E       F
            +---------+---------+-------+---------+---------+-------
      Total |      36 |       0 |   0.0 |      17 |       0 |   0.0
            +---------+---------+-------+---------+---------+-------
        D:1 |      18 |       0 |   0.0 |      13 |       0 |   0.0
        D:2 |      18 |       0 |   0.0 |       4 |       0 |   0.0
            +---------+---------+-------+---------+---------+-------
